 Dungeon Crawl Stone Soup version 0.32-a0-999-gfa1cc04b1d (webtiles) character file.

Game seed: 14926829275121620035

30 protoss039 the Digger (level 3, 26/26 HPs)
             Began as a Demonspawn Earth Elementalist on Apr 24, 2024.
             Got out of the dungeon alive.
             The game lasted 00:01:54 (1531 turns).

protoss039 the Digger (DsEE)                        Turns: 1531, Time: 00:01:55

Health: 26/26      AC:  2    Str:  8    XL:     3   Next: 5%
Magic:  6/6        EV: 11    Int: 17    God:
Gold:   90         SH:  0    Dex: 19    Spells: 5/6 levels left

rFire   . . .        c - +0 dagger
rCold   + . .        (no shield)
rNeg    . . .        a - +0 robe
rPois   .            (no helmet)
rElec   .            (no cloak)
rCorr   .            (no gloves)
SInv    .            (no boots)
Will    .....        e - amulet of regeneration
Stlth   +++          g - ring of protection from cold
HPRegen 1.04/turn    f - +6 ring of dexterity
MPRegen 0.10/turn

%: no passive effects
@: wreathed by umbra
A: demonic magic 1, foul shadow 1
a: no special abilities


You escaped.
You visited 1 branch of the dungeon, and saw 2 of its levels.

You collected 90 gold pieces.

Inventory:

Hand Weapons
 c - a +0 dagger (weapon)
Armour
 a - a +0 robe (worn)
Jewellery
 d - a ring of willpower
 e - an amulet of regeneration (around neck)
 f - a +6 ring of dexterity (right hand)
 g - a ring of protection from cold (left hand)
Scrolls
 h - a scroll of poison {unknown}
 i - a scroll of identify {unknown}
 k - a scroll of silence {unknown}
Potions
 b - a potion of magic
 j - a potion of degeneration {unknown}
 l - a potion of might {unknown}


   Skills:
 + Level 1.1 Fighting
 + Level 0.0 Short Blades
 + Level 0.1 Armour
 + Level 1.8 Dodging
 * Level 2.0 Stealth
 + Level 2.4 Spellcasting
 - Level 1.0 Conjurations
 + Level 3.0 Earth Magic


You had 5 spell levels left.
You knew the following spells:

 Your Spells              Type           Power      Damage    Failure   Level
a - Sandblast             Erth           24%        2d8       5%          1

Your spell library contained the following spells:

 Spells                   Type           Power      Damage    Failure   Level
 Passwall                 Erth           12%        N/A       16%         3
 Stone Arrow              Conj/Erth      18%        3d8       24%         3
 Brom's Barrelling Bould  Conj/Erth      9%         2d3       63%         4
 Petrify                  Alch/Erth      7%         N/A       69%         4


Dungeon Overview and Level Annotations

Branches:
Dungeon (2/15) Zot: 10454

Altars:


Innate Abilities, Weirdness & Mutations

Spells you cast may paralyse adjacent enemies.
You are faintly shadowed, very rarely releasing foul flame when damaged in melee.


Message History

Aim: a hobgoblin (82% to hit)
The blast of sand hits the hobgoblin.
The hobgoblin is heavily wounded.
Malevolent energies surge around you.
The hobgoblin suddenly stops moving!
The hobgoblin closely misses you. The hobgoblin hits you.
The helpless hobgoblin fails to defend itself.
You puncture the hobgoblin!
You kill the hobgoblin!
The hobgoblin barely misses you.
You have reached level 3!
Your experience leads to an increase in your attributes!
Your base attributes are Str 8, Int 15, Dex 13.
Increase (S)trength, (I)ntelligence, or (D)exterity?
You feel clever. x2; Your demonic ancestry asserts itself...
Your body darkens with foul flame.
Casting: Sandblast (safe; 5% risk of failure)
Confirm with . or Enter, or press ? or * to list all spells.
Aiming: Sandblast (safe; 5% risk of failure)
Press: ? - help, Shift-Dir - straight line, f/p - hobgoblin
Aim: a hobgoblin (moderately wounded, umbra, 82% to hit)
The blast of sand hits the hobgoblin!
You kill the hobgoblin!
Malevolent energies surge around you.
Unknown command.
Items here: ))) ††.
You start resting.
A rat is nearby!
You start resting.
Magic restored.
Items here: ))) ††.
Items here: ))) ††.
There is a stone staircase leading up here.
You climb upwards.
There is a stone staircase leading down here.
Unknown command.
There is an open door here.
There is an open door here.
There is an open gate here.
There is a staircase leading out of the dungeon here.
You have escaped!

# #.# #.#.#####.## #.#
#.#........# #######.#
#.########## ......#.#
#.# #####.#.# #.# ≈#
#.#.# #.# ≈# #.#)# #.#
♣♣♣≈# #.#.# #.#
♣♣♣♣♣♣≈≈≈# #.#.# #.#
♣@P..♣≈≈≈# #.#.####.#
♣♣...♣≈≈≈#
#.#....#.#♣♣.....≈≈≈#
####.######.#.......≈≈≈#
#...........#P.....~~≈≈#
#.###########......~~≈≈#
#...# #P......≈≈≈#
#'''#########♣.♣....~~≈#
##...##.♣♣P.P♣......~~≈≈#


There were no monsters in sight!

Vanquished Creatures
  2 endoplasms (D:1)
  5 goblins
  4 hobgoblins
  3 jackals (D:1)
  A kobold (D:1)
  2 quokkas (D:1)
  2 ball pythons (D:1)
  4 bats
  A frilled lizard (D:2)
  3 rats (D:1)
27 creatures vanquished.

Notes
Turn   | Place    | Note
-------+----------+-------------------------------------------
     0 | D:1      | protoss039 the Demonspawn Earth Elementalist began the
                  | quest for the Orb.
     0 | D:1      | Reached XP level 1. HP: 13/13 MP: 3/3
   313 | D:1      | Gained mutation: Spells you cast may paralyse adjacent
                  | enemies. [demonic ancestry]
   313 | D:1      | Reached XP level 2. HP: 20/20 MP: 3/5
   500 | D:1      | Reached skill level 3 in Earth Magic
   567 | D:1      | Reached skill level 1 in Fighting
  1385 | D:2      | Gained mutation: You are faintly shadowed, very rarely
                  | releasing foul flame when damaged in melee. [demonic
                  | ancestry]
  1385 | D:2      | Reached XP level 3. HP: 23/26 MP: 1/6
  1531 | D:$      | Got out of the dungeon alive.

Illustrated notes

Levels and vault maps discovered:
D:1:      kennysheep_arrival_seaside, layout_basic
D:2:      layout_rooms, basic_altar, uniq_sigmund, uniq_robin

Skill      XL: |  1  2 |
---------------+-------+-----
Earth Magic    | 3 |  3.0
Fighting       | 1 |  1.1
Stealth        | 2 |  2.0
Armour         | |  0.1
Dodging        | |  1.8
Spellcasting   | |  2.4
Conjurations   | |  1.0

Action                     || total
---------------------------++-------
  Melee: Dagger            ||    19
   Cast: Sandblast         ||    30
   Stab: Paralysed         ||     2
         Sleeping          ||     2
 Armour: Robe              ||    14
  Dodge: Dodged            ||    14

Table legend: (Time is in decaauts)
 A = Elapsed time spent in this place.
 B = Non-inter-level travel time spent in this place.
 C = Inter-level travel time spent in this place.
 D = Time resting spent in this place.
 E = Time spent auto-exploring this place.
 F = Levels seen in this place.
 G = Mean time per level.
                   A        B        C        D        E       F      G
               +--------+--------+--------+--------+--------+-----+--------+
         Total |   1545 |   1403 |    142 |     77 |   1156 |   2 |  772.5 |
       Dungeon |   1545 |   1403 |    142 |     77 |   1156 |   2 |  772.5 |
               +--------+--------+--------+--------+--------+-----+--------+

Top non-repeatable levels by time:
     D:1: 1326 daAuts
     D:2: 219 daAuts
